General information
- name: BNet
- type: Ladder team game (AT/RT)
- host: Battle.net
- saver: ITEM-STEELER
map: MarketSquare
- players: 8
- length: 36:31
- speed: Fast
- version: 1.26 W3XP
- replay type: Public
» download(258 KB)
Players
team 1 (winner)

»
ForgiveMeIMNOOB (
purple | 95 APM | 3462 actions | 36:29)
8 Priestess of the Moon
3 Searing Arrows
3 Trueshot Aura
1 Starfall
1 Scout
6 Keeper of the Grove
2 Entangling Roots
3 Thorns Aura
1 Tranquility
» actions
| Assign group hotkey | 23 | |
| Basic commands | 408 | |
| Build / train | 114 | |
| Enter build submenu | 29 | |
| Enter hero's abilities submenu | 14 | |
| Right click | 1688 | |
| Select / deselect | 800 | |
| Select group hotkey | 243 | |
| Use ability | 143 | |
3462 total
» units
| Wisp | 43 | |
| Huntress | 5 | |
| Hippogryph | 18 | |
| Chimaera | 15 | |
81 total
» upgrades
| Corrosive Breath | 1 | |
| Strength of the Wild | 3 | |
| Reinforced Hides | 2 | |
6 total
» buildings
| Altar of Elders | 2 | |
| Moon Well | 8 | |
| Hunter's Hall | 1 | |
| Ancient of War | 2 | |
| Tree of Ages | 1 | |
| Tree of Eternity | 1 | |
| Tree of Life | 6 | |
| Ancient of Wind | 2 | |
| Chimaera Roost | 2 | |
| Ancient of Wonders | 1 | |
| Ancient Protector | 2 | |
28 total
» build order
00:07 Altar of Elders
00:09 Moon Well
00:10 Altar of Elders
02:05 Hunter's Hall
02:09 Ancient of War
02:12 Ancient of War
02:17 Moon Well
02:22 Moon Well
02:43 Moon Well
05:00 Tree of Ages
05:35 Moon Well
07:27 Tree of Eternity
07:50 Tree of Life
08:49 Ancient of Wind
08:51 Ancient of Wind
10:24 Moon Well
11:12 Chimaera Roost
11:57 Chimaera Roost
14:08 Moon Well
15:50 Tree of Life
17:31 Moon Well
21:10 Tree of Life
22:57 Ancient of Wonders
25:48 Ancient Protector
25:49 Ancient Protector
25:57 Tree of Life
28:33 Tree of Life
34:34 Tree of Life
» items
| Scroll of Healing | 1 | |
| Scroll of Protection | 1 | |
| Scroll of Town Portal | 1 | |
3 total

»
ITEM-STEELER (
orange | 71 APM | 2595 actions | 36:31)
10 Paladin
3 Holy Light
3 Divine Shield
1 Resurrection
3 Devotion Aura
» actions
| Assign group hotkey | 132 | |
| Basic commands | 2 | |
| Build / train | 87 | |
| Enter build submenu | 30 | |
| Enter hero's abilities submenu | 9 | |
| Give item / drop item | 2 | |
| Right click | 942 | |
| Select / deselect | 217 | |
| Select group hotkey | 892 | |
| Use ability | 282 | |
2595 total
» units
| Peasant | 14 | |
| Footman | 8 | |
| Dragonhawk Rider | 21 | |
43 total
» upgrades
| Masonry | 2 | |
| Lumber Harvesting | 2 | |
| Cloud | 1 | |
| Swords | 1 | |
6 total
» buildings
| Altar of Kings | 1 | |
| Barracks | 1 | |
| Farm | 13 | |
| Scout Tower | 22 | |
| Arcane Vault | 1 | |
| Arcane Tower | 3 | |
| Lumber Mill | 2 | |
| Keep | 1 | |
| Blacksmith | 1 | |
| Guard Tower | 6 | |
| Castle | 1 | |
| Gryphon Aviary | 3 | |
| Town Hall | 2 | |
57 total
» build order
00:17 Altar of Kings
00:24 Barracks
00:40 Farm
00:57 Farm
01:40 Farm
01:45 Scout Tower
02:00 Arcane Vault
02:30 Arcane Tower
02:43 Lumber Mill
02:50 Scout Tower
02:52 Scout Tower
03:04 Scout Tower
03:16 Lumber Mill
03:22 Arcane Tower
03:54 Arcane Tower
04:28 Keep
04:55 Farm
04:59 Scout Tower
05:36 Blacksmith
05:39 Guard Tower
07:29 Castle
07:32 Gryphon Aviary
07:41 Gryphon Aviary
07:47 Farm
07:47 Farm
07:48 Farm
07:49 Farm
14:18 Scout Tower
14:20 Scout Tower
15:33 Guard Tower
20:24 Farm
20:25 Farm
20:25 Farm
21:26 Town Hall
21:38 Scout Tower
21:38 Scout Tower
21:59 Scout Tower
22:00 Scout Tower
22:00 Scout Tower
25:38 Scout Tower
25:39 Scout Tower
25:39 Scout Tower
25:40 Scout Tower
26:25 Guard Tower
26:39 Guard Tower
26:43 Scout Tower
26:43 Scout Tower
28:35 Guard Tower
28:38 Town Hall
30:02 Gryphon Aviary
» items
| Scroll of Regeneration | 3 | |
| Potion of Invisibility | 4 | |
| Staff of Teleportation | 1 | |
| Potion of Lesser Invulnerability | 1 | |
| Potion of Mana | 3 | |
| Lesser Clarity Potion | 1 | |
| Scroll of Town Portal | 1 | |
14 total
AznVen (
pink | 44 APM | 1617 actions | 36:29)
9 Mountain King
3 Storm Bolt
3 Thunder Clap
1 Avatar
2 Bash
8 Paladin
3 Holy Light
3 Divine Shield
1 Resurrection
1 Devotion Aura
» actions
| Basic commands | 86 | |
| Build / train | 113 | |
| Enter build submenu | 41 | |
| Enter hero's abilities submenu | 17 | |
| Right click | 518 | |
| Select / deselect | 700 | |
| Use ability | 142 | |
1617 total
» units
| Peasant | 22 | |
| Rifleman | 10 | |
| Sorceress | 3 | |
| Mortar Team | 3 | |
| Siege Engine | 3 | |
| Flying Machine | 19 | |
60 total
» upgrades
| Gunpowder | 2 | |
| Lumber Harvesting | 1 | |
| Long Rifles | 1 | |
| Armor | 3 | |
| Barrage | 1 | |
| Masonry | 1 | |
| Magic Sentry | 1 | |
| Priest Training | 2 | |
| Sorceress Training | 2 | |
| Fragmentation Shards | 1 | |
| Flare | 1 | |
| Flak Cannons | 1 | |
| Flying Machine Bombs | 1 | |
18 total
» buildings
| Farm | 16 | |
| Altar of Kings | 1 | |
| Blacksmith | 1 | |
| Barracks | 1 | |
| Scout Tower | 9 | |
| Arcane Tower | 2 | |
| Keep | 1 | |
| Lumber Mill | 1 | |
| Arcane Vault | 1 | |
| Arcane Sanctum | 2 | |
| Castle | 1 | |
| Guard Tower | 1 | |
| Workshop | 2 | |
| Town Hall | 2 | |
41 total
» build order
00:26 Farm
00:29 Farm
00:41 Altar of Kings
01:09 Blacksmith
01:30 Barracks
02:07 Farm
02:26 Scout Tower
02:52 Farm
02:58 Arcane Tower
03:32 Farm
04:20 Keep
04:29 Lumber Mill
05:17 Farm
05:20 Arcane Vault
06:50 Farm
06:59 Arcane Sanctum
08:29 Castle
08:57 Scout Tower
09:00 Scout Tower
09:02 Scout Tower
09:06 Scout Tower
10:07 Farm
10:09 Farm
10:11 Farm
10:13 Farm
10:15 Guard Tower
10:52 Workshop
11:04 Workshop
12:45 Arcane Sanctum
13:52 Arcane Tower
16:56 Town Hall
23:04 Town Hall
28:45 Farm
28:48 Farm
28:50 Farm
28:51 Farm
28:53 Farm
30:03 Scout Tower
30:04 Scout Tower
30:05 Scout Tower
30:06 Scout Tower
» items
| Scroll of Regeneration | 4 | |
| Lesser Clarity Potion | 1 | |
| Scroll of Town Portal | 3 | |
| Scroll of Protection | 1 | |
| Scroll of Healing | 1 | |
| Orb of Fire | 1 | |
11 total

»
klabes (
blue | 43 APM | 1579 actions | 36:29)
8 Far Seer
3 Feral Spirit
3 Chain Lighting
1 Earth Quake
1 Far Sight
» actions
| Assign group hotkey | 52 | |
| Basic commands | 117 | |
| Build / train | 80 | |
| Enter build submenu | 16 | |
| Enter hero's abilities submenu | 8 | |
| Remove unit from queue | 5 | |
| Right click | 703 | |
| Select / deselect | 294 | |
| Select group hotkey | 252 | |
| Use ability | 52 | |
1579 total
» units
| Peon | 6 | |
| Troll Headhunter/Berserker | 28 | |
| Wind Rider | 12 | |
| Demolisher | 4 | |
50 total
» upgrades
| Ranged Weapons | 3 | |
| Armor | 2 | |
| Berserker Upgrade | 1 | |
| Envenomed Spears | 1 | |
| Troll Regeneration | 1 | |
| Burning Oil | 1 | |
| Pillage | 1 | |
10 total
» buildings
| Altar of Storms | 1 | |
| Orc Burrow | 7 | |
| Barracks | 2 | |
| War Mill | 1 | |
| Stronghold | 1 | |
| Beastiary | 3 | |
| Fortress | 1 | |
| Voodoo Lounge | 1 | |
17 total
» build order
00:09 Altar of Storms
00:13 Orc Burrow
00:43 Barracks
01:19 War Mill
01:44 Orc Burrow
03:32 Stronghold
04:41 Orc Burrow
06:22 Beastiary
06:25 Beastiary
06:36 Beastiary
07:01 Orc Burrow
07:51 Fortress
10:28 Orc Burrow
12:55 Voodoo Lounge
13:38 Orc Burrow
14:01 Orc Burrow
20:11 Barracks
» items
| Scroll of Town Portal | 3 | |
| Scroll of Speed | 1 | |
4 total
team 2 (loser)

»
sDFSDF (
yellow | 29 APM | 819 actions | 28:17)
5 Blood Mage
3 Flame Strike
2 Banish
» actions
| Build / train | 62 | |
| ESC pressed | 1 | |
| Enter build submenu | 24 | |
| Enter hero's abilities submenu | 5 | |
| Remove unit from queue | 1 | |
| Right click | 452 | |
| Select / deselect | 213 | |
| Use ability | 61 | |
819 total
» units
| Peasant | 8 | |
| Footman | 6 | |
| Gryphon Rider | 11 | |
| Dragonhawk Rider | 9 | |
34 total
» upgrades
| Lumber Harvesting | 2 | |
| Swords | 3 | |
| Plating | 3 | |
| Storm Hammers | 1 | |
| Cloud | 1 | |
10 total
» buildings
| Altar of Kings | 1 | |
| Farm | 12 | |
| Barracks | 1 | |
| Blacksmith | 1 | |
| Lumber Mill | 1 | |
| Arcane Vault | 1 | |
| Keep | 2 | |
| Scout Tower | 4 | |
| Guard Tower | 4 | |
| Castle | 1 | |
| Gryphon Aviary | 2 | |
30 total
» build order
00:28 Altar of Kings
00:45 Farm
01:00 Barracks
01:26 Farm
02:02 Farm
02:33 Blacksmith
03:01 Lumber Mill
03:47 Arcane Vault
03:53 Keep
03:54 Keep
05:06 Farm
06:03 Scout Tower
06:41 Guard Tower
06:44 Scout Tower
07:09 Farm
07:20 Castle
07:22 Guard Tower
07:26 Farm
07:33 Scout Tower
08:05 Guard Tower
08:09 Gryphon Aviary
09:47 Gryphon Aviary
10:03 Farm
10:43 Farm
12:08 Farm
12:14 Scout Tower
12:47 Guard Tower
15:52 Farm
16:47 Farm
17:43 Farm
» items
| Scroll of Regeneration | 1 | |
| Potion of Healing | 3 | |
4 total

»
bobobobobaran (
teal | 38 APM | 1175 actions | 30:40)
7 Tauren Chieftain
3 War Stomp
3 Endurance Aura
1 Reincarnation
7 Shadow Hunter
3 Healing Wave
2 Hex
1 Serpent Ward
1 Big Bad Voodoo
» actions
| Build / train | 89 | |
| Enter build submenu | 19 | |
| Enter hero's abilities submenu | 14 | |
| Give item / drop item | 1 | |
| Right click | 487 | |
| Select / deselect | 472 | |
| Use ability | 93 | |
1175 total
» units
| Peon | 18 | |
| Wind Rider | 22 | |
| Troll Batrider | 19 | |
59 total
» upgrades
| Ranged Weapons | 3 | |
| Armor | 2 | |
| Envenomed Spears | 1 | |
| Liquid Fire | 1 | |
7 total
» buildings
| Altar of Storms | 1 | |
| Orc Burrow | 6 | |
| War Mill | 1 | |
| Stronghold | 1 | |
| Voodoo Lounge | 1 | |
| Beastiary | 3 | |
| Fortress | 1 | |
| Great Hall | 3 | |
17 total
» build order
00:07 Altar of Storms
00:13 Orc Burrow
01:32 War Mill
02:04 Stronghold
02:14 Orc Burrow
02:29 Voodoo Lounge
03:02 Orc Burrow
03:21 Orc Burrow
04:27 Beastiary
04:39 Beastiary
05:26 Beastiary
07:37 Fortress
08:18 Great Hall
09:11 Orc Burrow
10:15 Orc Burrow
19:51 Great Hall
22:11 Great Hall
» items
| Healing Salve | 1 | |
| Lesser Clarity Potion | 1 | |
| Scroll of Town Portal | 3 | |
5 total
Haglofs (
red | 77 APM | 2796 actions | 36:29)
5 Archmage
2 Summon Water Elemental
3 Brilliance Aura
4 Paladin
2 Holy Light
2 Divine Shield
2 Mountain King
1 Bash
1 Storm Bolt
» actions
| Assign group hotkey | 25 | |
| Basic commands | 3 | |
| Build / train | 188 | |
| Enter build submenu | 33 | |
| Enter hero's abilities submenu | 12 | |
| Give item / drop item | 2 | |
| Remove unit from queue | 1 | |
| Right click | 705 | |
| Select / deselect | 486 | |
| Select group hotkey | 1074 | |
| Use ability | 267 | |
2796 total
» units
| Peasant | 37 | |
| Rifleman | 2 | |
| Priest | 2 | |
| Flying Machine | 10 | |
| Mortar Team | 12 | |
63 total
» upgrades
| Masonry | 3 | |
| Lumber Harvesting | 2 | |
| Long Rifles | 1 | |
| Magic Sentry | 1 | |
| Priest Training | 1 | |
| Flying Machine Bombs | 1 | |
| Flak Cannons | 2 | |
| Flare | 1 | |
| Fragmentation Shards | 1 | |
| Gunpowder | 2 | |
| Armor | 1 | |
16 total
» buildings
| Farm | 12 | |
| Lumber Mill | 2 | |
| Altar of Kings | 1 | |
| Scout Tower | 38 | |
| Guard Tower | 52 | |
| Arcane Tower | 1 | |
| Arcane Vault | 2 | |
| Blacksmith | 1 | |
| Town Hall | 2 | |
| Keep | 2 | |
| Barracks | 2 | |
| Castle | 1 | |
| Arcane Sanctum | 1 | |
| Workshop | 4 | |
121 total
» build order
00:23 Farm
00:25 Farm
00:51 Lumber Mill
01:08 Farm
01:21 Altar of Kings
01:32 Scout Tower
01:46 Farm
02:00 Guard Tower
02:06 Scout Tower
02:38 Arcane Tower
02:43 Scout Tower
03:38 Scout Tower
03:39 Scout Tower
03:39 Scout Tower
03:41 Farm
03:42 Farm
03:46 Arcane Vault
03:52 Blacksmith
04:12 Guard Tower
04:12 Guard Tower
04:15 Guard Tower
04:15 Guard Tower
05:31 Scout Tower
05:33 Scout Tower
05:38 Farm
05:39 Farm
05:42 Scout Tower
05:42 Scout Tower
05:43 Scout Tower
06:21 Guard Tower
06:25 Guard Tower
06:25 Guard Tower
07:00 Town Hall
07:02 Scout Tower
07:02 Scout Tower
07:03 Scout Tower
07:03 Scout Tower
07:03 Scout Tower
07:04 Scout Tower
07:20 Guard Tower
07:21 Guard Tower
07:39 Guard Tower
07:41 Guard Tower
07:41 Guard Tower
08:16 Keep
08:16 Keep
08:23 Scout Tower
08:23 Scout Tower
08:53 Barracks
08:54 Barracks
09:03 Arcane Vault
09:09 Guard Tower
09:09 Guard Tower
09:16 Guard Tower
09:16 Guard Tower
09:55 Guard Tower
09:55 Guard Tower
10:58 Castle
11:57 Town Hall
11:59 Scout Tower
11:59 Scout Tower
12:00 Scout Tower
12:02 Scout Tower
12:03 Scout Tower
12:03 Scout Tower
12:15 Scout Tower
12:15 Scout Tower
12:16 Scout Tower
12:19 Scout Tower
12:22 Guard Tower
12:22 Guard Tower
12:24 Guard Tower
12:24 Guard Tower
12:25 Guard Tower
12:30 Guard Tower
12:30 Guard Tower
12:34 Guard Tower
12:34 Guard Tower
12:36 Guard Tower
12:37 Guard Tower
12:37 Guard Tower
12:49 Scout Tower
12:49 Scout Tower
12:50 Scout Tower
12:52 Scout Tower
13:05 Guard Tower
13:05 Guard Tower
13:12 Guard Tower
13:15 Guard Tower
13:16 Guard Tower
13:51 Guard Tower
14:00 Arcane Sanctum
14:30 Guard Tower
14:30 Guard Tower
14:58 Lumber Mill
15:52 Workshop
15:53 Workshop
15:54 Workshop
15:56 Workshop
16:29 Farm
16:30 Farm
16:31 Farm
16:33 Farm
20:27 Scout Tower
20:28 Scout Tower
20:29 Scout Tower
21:39 Guard Tower
» items
| Scroll of Regeneration | 4 | |
| Scroll of Town Portal | 5 | |
| Potion of Healing | 8 | |
| Orb of Fire | 4 | |
| Potion of Mana | 4 | |
| Potion of Lesser Invulnerability | 1 | |
| Scroll of Healing | 1 | |
27 total

»
LeTigreBolivien (
green | 34 APM | 1037 actions | 30:37)
3 Dreadlord
1 Sleep
2 Vampiric Aura
3 Death Knight
1 Death Coil
2 Unholy Aura
» actions
| Assign group hotkey | 3 | |
| Basic commands | 43 | |
| Build / train | 102 | |
| Enter build submenu | 21 | |
| Enter hero's abilities submenu | 6 | |
| Remove unit from queue | 11 | |
| Right click | 456 | |
| Select / deselect | 307 | |
| Select group hotkey | 11 | |
| Use ability | 77 | |
1037 total
» units
| Acolyte | 17 | |
| Ghoul | 22 | |
| Necromancer | 3 | |
| Gargoyle | 6 | |
| Knight | 3 | |
51 total
» upgrades
| Unholy Strength | 4 | |
| Cannibalize | 1 | |
| Unholy Armor | 3 | |
| Web | 1 | |
| Ghoul Frenzy | 1 | |
| Necromancer Training | 1 | |
| Skeletal Longevity | 2 | |
| Skeletal Mastery | 1 | |
| Creature Attack | 1 | |
| Creature Carapace | 1 | |
| Animal War Training | 1 | |
17 total
» buildings
| Crypt | 6 | |
| Ziggurat | 10 | |
| Altar of Darkness | 1 | |
| Halls of the Dead | 1 | |
| Necropolis | 1 | |
| Graveyard | 2 | |
| Black Citadel | 2 | |
| Temple of the Damned | 2 | |
| Spirit Tower | 2 | |
| Tomb of Relics | 1 | |
| Barracks | 1 | |
| Arcane Sanctum | 1 | |
30 total
» build order
00:12 Crypt
00:13 Ziggurat
00:35 Altar of Darkness
01:04 Ziggurat
01:32 Crypt
02:18 Ziggurat
03:59 Halls of the Dead
04:47 Necropolis
05:38 Graveyard
07:18 Ziggurat
07:19 Ziggurat
07:21 Ziggurat
07:23 Ziggurat
07:44 Black Citadel
08:32 Graveyard
09:18 Temple of the Damned
09:22 Temple of the Damned
10:18 Spirit Tower
10:18 Spirit Tower
10:56 Tomb of Relics
14:04 Ziggurat
14:05 Ziggurat
15:56 Ziggurat
18:40 Crypt
18:41 Crypt
18:42 Crypt
18:43 Crypt
29:01 Barracks
29:24 Arcane Sanctum
» items
| Scroll of Healing | 2 | |
| Scroll of Town Portal | 2 | |
4 total
Chat log
(00:24 / Allies) ForgiveMeIMNOOB: so r we playing as a team today or shall it be 1v34
(00:28 / Allies) ForgiveMeIMNOOB: 1v4
(00:36 / Allies) klabes: im down to play as a team
(00:38 / All) Haglofs: im swedish
(00:39 / Allies) ForgiveMeIMNOOB: cool
(00:39 / Allies) ForgiveMeIMNOOB: :)
(00:44 / All) ForgiveMeIMNOOB: Im Mexican
(00:47 / All) ForgiveMeIMNOOB: Work Mah FARM
(00:49 / All) ForgiveMeIMNOOB: for BEER
(00:50 / All) ForgiveMeIMNOOB: BITCH
(00:53 / All) ITEM-STEELER: IM GAY
(01:12 / All) bobobobobaran: im chernoble
(01:14 / All) ForgiveMeIMNOOB: STICK THAT PENIS
(01:17 / All) ForgiveMeIMNOOB: IN MAH MOUTH
(01:31 / All) ForgiveMeIMNOOB: ill gag...but its part of the foreplay right
(01:50 / All) ForgiveMeIMNOOB: Hello Molexicans
(01:54 / All) ForgiveMeIMNOOB: Rape those little boys.
(01:55 / All) ITEM-STEELER: AKA KODOS FORSAKEN NOOBS
(02:06 / Allies) klabes: im going hh to wyvs
(03:15 / Allies) AznVen: rush him?
(03:44 / Allies) ITEM-STEELER: GO AWAY BLUE
(03:45 / Allies) ITEM-STEELER: SHOO FLY
(03:51 / Allies) klabes: fine
(04:04 / Allies) ITEM-STEELER: THAT WAS MY CREEP TOO
(04:06 / Allies) ForgiveMeIMNOOB: going
(05:54 / All) ITEM-STEELER: u maphack red?
(06:05 / All) ITEM-STEELER: u having towers is proof u knew we were hitting ur base
(06:33 / Allies) ITEM-STEELER: expo here purple
(07:19 / Allies) ITEM-STEELER: middle
(07:20 / Allies) ITEM-STEELER: now
(07:31 / Allies) ForgiveMeIMNOOB: omw
(07:31 / Allies) ForgiveMeIMNOOB: bro
(08:53 / Allies) ITEM-STEELER: do they got an ud?
(08:56 / Allies) ITEM-STEELER: wood too
(09:34 / Allies) ForgiveMeIMNOOB: wyvs
(11:22 / Allies) ITEM-STEELER: anyone want to control me dhawks im lazy
(11:26 / Allies) ITEM-STEELER: im gonna rape greens acos
(12:43 / Allies) ITEM-STEELER: god dammit
(13:15 / All) ITEM-STEELER: nigga who u think u emsswing
(13:31 / All) Haglofs: clearly not an english major
(13:35 / All) ITEM-STEELER: lawl
(13:35 / All) bobobobobaran: lol
(13:43 / All) ITEM-STEELER: mey sister is tho
(14:11 / Allies) ITEM-STEELER: we need to kill their expos
(15:28 / Allies) AznVen: meet.
(16:36 / All) bobobobobaran: that went well
(16:56 / Allies) ForgiveMeIMNOOB: cloud
(17:22 / Allies) klabes: hah im stuck in ojs base
(17:31 / Allies) ITEM-STEELER: kill shit
(17:32 / Allies) ITEM-STEELER: lolz
(19:44 / All) ITEM-STEELER: u guys had all expos and we had none lolz
(22:43 / All) LeTigreBolivien: damn loner red .......
(23:29 / Allies) AznVen: tp here
(23:42 / Allies) ITEM-STEELER: go
(25:04 / Allies) ForgiveMeIMNOOB: RESOURCE ME
(25:05 / Allies) ForgiveMeIMNOOB: PLZ
(27:15 / All) LeTigreBolivien: NICE AIR YELLOW VS TANK
(28:28 / All) ITEM-STEELER: utlimate noob game lolz
(29:07 / All) ITEM-STEELER: fun game tho
(29:22 / All) klabes: too fuckin blazed
(29:49 / All) ITEM-STEELER: red will rape us easily if he knows how to use masst p
(31:20 / All) ITEM-STEELER: red u could still wint his 1v4
(33:33 / All) ITEM-STEELER: i saved ur ass blue
(33:35 / All) ITEM-STEELER: 3x
(33:38 / Allies) klabes: i see that
(33:43 / Allies) klabes: good looks
(34:12 / All) ITEM-STEELER: this was a fun game
(34:17 / All) Haglofs: i think im way better than all of u
(34:19 / Allies) ForgiveMeIMNOOB: 200 plz
(34:20 / All) Haglofs: fair assessment?
(34:27 / All) ForgiveMeIMNOOB: LOL
(34:36 / All) AznVen: better than me?
(34:36 / All) ITEM-STEELER: im a former #1 rank rt player
(34:42 / All) ITEM-STEELER: i
(34:43 / All) Haglofs: and im a former pope
(34:51 / All) ITEM-STEELER: i wasnt even trying lolz
(35:30 / All) ITEM-STEELER: red u could have beat us 1v4, u should have i mean
(35:38 / All) ITEM-STEELER: u guys had all expos and i didnt get units
(35:49 / All) ITEM-STEELER: and blue was high
(36:26 / All) Haglofs: w/e
(36:28 / All) ITEM-STEELER: JOIN CLAN S4S